Map: Oxide LE

Players

Serral - Winner!

  • Race: Zerg Zerg
  • League: Master
  • Spawn Location: 7:00

ShoWTimE

  • Race: Protoss Protoss
  • League: Master
  • Spawn Location: 1:00

VOD

Have the link to the VOD?

Description

Time

  • Played on: Jan. 15, 2021, 8:25 a.m.
  • Length: 9:59
Show
View Real Time Build Order
Export as new Build Order

Serral Zerg - Winner!

Build Orders: Hatch First 

Get SALT Encoding   

  12  0:00  Drone  
  13  0:11  Overlord  
  13  0:16  Drone  
  14  0:30  Drone x2  
  16  0:47  Hatchery  
  15  0:50  Drone  
  15  0:54  Drone  
  17  0:57  Drone  
  18  1:07  Extractor  
  17  1:12  Spawning Pool  
  17  1:15  Drone  
  17  1:18  Drone  
  18  1:27  Drone  
  20  1:40  Drone  
  20  1:49  Overlord  
  20  1:58  Queen  
  20  1:59  Zergling x4, Queen  
  26  2:10  Drone x2  
  26  2:11  Metabolic Boost  
  28  2:22  Drone x2  
  30  2:38  Hatchery  
  30  2:39  Drone x2  
  31  2:45  Queen  
  31  2:50  Overlord  
  33  2:53  Drone  
  33  2:55  Drone  
  35  2:59  Drone  
  36  3:08  Drone  
  36  3:09  Drone x3  
  36  3:10  Overlord  
  40  3:14  Drone  
  40  3:18  Drone  
  42  3:21  Queen  
  42  3:25  Overlord  
  44  3:29  Drone  
  44  3:32  Spore Crawler  
  44  3:38  Zergling x2, Drone x2  
  44  3:39  Drone  
  44  3:40  Drone  
  48  3:46  Drone  
  49  3:49  Queen  
  49  3:50  Drone  
  49  3:54  Pneumatized Carapace  
  52  3:56  Zergling x4  
  52  3:58  Drone x2  
  52  4:02  Spore Crawler, Drone  
  56  4:03  Drone  
  56  4:05  Drone  
  56  4:06  Spore Crawler  
  57  4:10  Overlord  
  57  4:12  Drone x3  
  57  4:16  Drone  
  61  4:18  Drone  
  61  4:21  Roach Warren  
  61  4:24  Drone x2  
  63  4:33  Queen  
  63  4:35  Lair  
  63  4:36  Drone x3  
  63  4:38  Extractor x2  
  67  4:39  Drone  
  67  4:40  Extractor  
  67  4:44  Overlord  
  66  4:47  Evolution Chamber  
  66  4:48  Overlord, Drone x2  
  66  4:50  Drone  
  66  4:51  Drone  
  69  4:53  Drone  
  69  4:56  Zergling x4  
  69  4:59  Overlord  
  72  5:07  Drone x7  
  72  5:11  Overlord  
  79  5:14  Zerg Missile Weapons Level 1  
  79  5:15  Drone  
  79  5:18  Drone  
  79  5:21  Queen x2  
  81  5:24  Drone x3  
  81  5:27  Drone  
  89  5:28  Extractor x2  
  89  5:31  Drone  
  89  5:32  Drone x2  
  90  5:38  Queen  
  90  5:41  Overlord  
  91  5:44  Hydralisk Den, Drone x4  
  91  5:45  Drone x2  
  91  5:48  Overlord  
  96  6:00  Hatchery  
  96  6:01  Overlord  
  95  6:06  Zergling x14  
  95  6:11  Overlord  
  102  6:13  Drone x3  
  102  6:14  Drone x2  
  107  6:24  Grooved Spines  
  107  6:25  Drone, Baneling Nest  
  108  6:27  Overlord  
  108  6:29  Drone x4  
  108  6:30  Hydralisk  
  113  6:35  Hydralisk x2  
  113  6:38  Hydralisk x3  
  122  6:47  Hydralisk x4  
  130  6:55  Overlord x2  
  130  6:56  Overlord, Hydralisk  
  132  7:05  Hydralisk x2  
  137  7:15  Drone x2  
  137  7:16  Drone x2  
  137  7:17  Zerg Missile Weapons Level 2, Overlord  
  137  7:19  Centrifical Hooks, Evolution Chamber  
  139  7:24  Hydralisk x4  
  143  7:30  Extractor  
  143  7:32  Drone  
  143  7:34  Drone x2  
  143  7:35  Drone, Muscular Augments  
  146  7:40  Hydralisk x4, Hatchery  
  151  7:48  Zerg Melee Weapons Level 1  
  151  7:49  Hydralisk x3  
  157  7:54  Overlord x2  
  157  8:00  Hydralisk x2  
  157  8:01  Hydralisk x3  
  157  8:04  Hydralisk  
  157  8:05  Hydralisk x2  
  173  8:10  Baneling  
  173  8:11  Baneling x3  
  173  8:13  Zergling x12  
  173  8:16  Overlord  
  179  8:21  Baneling x8  
  179  8:22  Zergling x10  
  184  8:28  Zergling x2  
  184  8:29  Zergling x10, Infestation Pit  
  184  8:30  Overlord  
  189  8:35  Zergling x8  
  189  8:39  Baneling x10  
  193  8:49  Zergling x14  
  199  8:59  Baneling x9  
  198  9:07  Zergling x4  
  198  9:14  Baneling x7  
  198  9:20  Baneling x8  
  193  9:26  Hydralisk  
  193  9:27  Zergling x12, Hydralisk x4  
  193  9:28  Zergling x32  
  193  9:29  Zergling x2  
  193  9:30  Zergling x2  
Show
View Real Time Build Order
Export as new Build Order

ShoWTimE Protoss 

Build Orders: 1 Gate Expand, Oracle Opening 

Get SALT Encoding   

  12  0:00  Probe  
  13  0:12  Probe  
  14  0:17  Pylon  
  14  0:24  Probe (Chrono Boost)  
  15  0:36  Probe (Chrono Boost)  
  15  0:37  Gateway  
  16  0:45  Probe (Chrono Boost)  
  16  0:46  Assimilator  
  17  0:51  Probe  
  18  1:03  Probe  
  19  1:15  Probe  
  20  1:24  Nexus  
  20  1:27  Probe  
  21  1:37  Cybernetics Core  
  21  1:41  Assimilator  
  21  1:44  Probe  
  22  1:51  Pylon  
  22  1:56  Probe  
  23  2:09  Probe (Chrono Boost)  
  23  2:10  Adept (Chrono Boost)  
  23  2:15  Stargate  
  26  2:18  Probe (Chrono Boost)  
  27  2:23  Probe (Chrono Boost)  
  27  2:24  Warp Gate  
  28  2:33  Adept  
  28  2:36  Probe (Chrono Boost)  
  32  2:40  Probe (Chrono Boost)  
  32  2:47  Probe (Chrono Boost)  
  32  2:50  Probe (Chrono Boost)  
  34  2:52  Probe (Chrono Boost), Void Ray (Chrono Boost)  
  39  3:00  Probe  
  39  3:03  Probe  
  41  3:06  Pylon  
  41  3:12  Probe  
  42  3:15  Probe  
  42  3:16  Gateway  
  43  3:24  Probe  
  43  3:26  Oracle (Chrono Boost)  
  44  3:27  Probe  
  48  3:36  Probe  
  48  3:39  Probe  
  50  3:45  Nexus  
  50  3:50  Pylon  
  50  3:51  Probe  
  50  3:55  Stargate  
  51  3:58  Probe (Chrono Boost)  
  51  4:00  Assimilator  
  52  4:05  Probe (Chrono Boost)  
  52  4:06  Assimilator  
  53  4:10  Probe (Chrono Boost)  
  53  4:13  Pylon  
  53  4:15  Void Ray  
  55  4:19  Probe (Chrono Boost)  
  55  4:20  Probe (Chrono Boost)  
  60  4:27  Shield Battery, Probe x2  
  62  4:33  Void Ray (Chrono Boost)  
  62  4:39  Probe x2  
  62  4:40  Pylon  
  68  4:49  Void Ray (Chrono Boost)  
  68  4:50  Assimilator  
  68  4:51  Probe x2  
  74  5:02  Probe (Chrono Boost)  
  77  5:07  Probe x2 (Chrono Boost)  
  77  5:10  Void Ray (Chrono Boost)  
  77  5:14  Probe (Chrono Boost)  
  82  5:16  Void Ray (Chrono Boost)  
  82  5:18  Pylon, Probe x2 (Chrono Boost)  
  82  5:19  Probe (Chrono Boost)  
  85  5:27  Twilight Council, Probe  
  85  5:28  Probe  
  91  5:29  Forge  
  91  5:31  Probe  
  92  5:36  Assimilator  
  92  5:38  Pylon  
  92  5:39  Probe  
  92  5:40  Probe  
  94  5:43  Probe  
  95  5:50  Gateway  
  95  5:51  Gateway  
  95  5:52  Probe x2  
  95  5:55  Protoss Ground Weapons Level 1, Gateway  
  97  5:57  Probe  
  97  6:03  Charge (Chrono Boost)  
  97  6:04  Pylon, Probe  
  99  6:06  Templar Archives  
  99  6:21  Gateway, Robotics Facility  
  99  6:26  Psionic Storm, Gateway  
  99  6:29  Gateway  
  99  6:30  Gateway  
  99  6:31  Zealot x2  
  103  6:36  Gateway  
  103  6:37  Pylon  
  103  6:39  Pylon  
  103  6:47  High Templar x2  
  103  6:52  Photon Cannon x2  
  103  6:53  High Templar x2  
  111  7:06  High Templar  
  113  7:13  Probe  
  113  7:15  Zealot  
  115  7:19  Zealot x2  
  115  7:21  Probe, Photon Cannon  
  115  7:22  Zealot  
  120  7:25  Probe  
  120  7:27  High Templar x2  
  125  7:30  Warp Prism  
  127  7:37  Pylon, Photon Cannon  
  127  7:38  Photon Cannon  
  127  7:39  Zealot x3, Pylon  
  127  7:40  Probe  
  133  7:55  Pylon  
  133  7:56  Pylon  
  133  8:01  High Templar x2  
  133  8:02  Nexus  
  133  8:04  Pylon  
  137  8:07  Pylon  
  137  8:08  Immortal (Chrono Boost)  
  137  8:09  Probe x2  
  143  8:14  Zealot x5  
  143  8:15  Archon  
  143  8:16  High Templar x2  
  157  8:20  Archon, Pylon  
  157  8:29  Pylon  
  157  8:30  Shield Battery  
  157  8:31  Shield Battery  
  157  8:39  Zealot  
  157  8:40  High Templar x2  
  163  8:44  Archon  
  163  8:45  Photon Cannon  
  163  8:49  Probe x2  
  165  9:01  Probe x2, High Templar x2  
  169  9:07  Photon Cannon  
  163  9:14  Zealot x5  
  163  9:15  Zealot x3  
  144  9:38  Zealot x10  
Tags
 
Add a new tag
Caveats
  • Supply blocks, unpowered buildings, or Contaminate may cause inaccurate times.
  • Supply counts are checked every 10 seconds.